 Dungeon Crawl Stone Soup version 0.27-a0-78-g75406f0b48 (webtiles) character file.

Game seed: 10445095327942658287

28 knot the Skirmisher (level 3, 28/29 HPs)
             Began as a Demonspawn Berserker on Jan 14, 2021.
             Was a Follower of Trog.
             Quit the game on level 1 of the Dungeon.
             The game lasted 00:00:52 (752 turns).

knot the Skirmisher (Demonspawn Berserker)           Turns: 752, Time: 00:00:52

Health: 28/29      AC:  4    Str: 17    XL:     3   Next: 0%
Magic:  1/3        EV: 12    Int:  9    God:    Trog [*.....]
Gold:   32         SH:  5    Dex: 12    Spells: 2/2 levels left

rFire    . . .     SeeInvis .   a - +0 hand axe
rCold    . . .     Faith    .   (no shield)
rNeg     . . .     Spirit   +   b - +0 animal skin
rPois    .         Reflect  +   (no helmet)
rElec    .         Harm     .   (no cloak)
rCorr    .         Rampage  .   (no gloves)
Will     .....                  (no boots)
Stlth    +.........             e - amulet of reflection
HPRegen  0.09/turn              (no ring)
MPRegen  0.08/turn              (no ring)

@: no status effects
A: yellow scales 1, magic shield
a: Renounce Religion, Berserk


You were on level 1 of the Dungeon.
You worshipped Trog.
Trog was aware of your devotion.
You visited 1 branch of the dungeon, and saw 1 of its levels.

You collected 32 gold pieces.

Inventory:

Hand Weapons
 a - a +0 hand axe (weapon)
Armour
 b - a +0 animal skin (worn)
Jewellery
 e - an amulet of reflection (around neck)
Scrolls
 c - 3 scrolls of remove curse {unknown}
 d - a scroll of amnesia {unknown}


   Skills:
 + Level 3.2 Fighting
 * Level 3.2 Axes
 + Level 2.1 Armour
 + Level 2.1 Dodging


You had 2 spell levels left.
You didn't know any spells.
Your spell library was empty.

Dungeon Overview and Level Annotations

Branches:
Dungeon (1/15)

Altars:


Innate Abilities, Weirdness & Mutations

You are partially covered in yellow scales. (AC +2)
When hurt, damage is shared between your health and your magic reserves.


Message History

You kill the rat!
Trog accepts your kill.
The kobold throws a stone.
The stone hits you but does no damage.
The kobold throws a stone.
The stone barely misses you.
You see here a rat corpse.
The kobold hits you with a +0 dagger.
You barely miss the kobold. The kobold closely misses you.
You hit the kobold.
The kobold is severely wounded.
The kobold closely misses you.
A rat comes into view.
You hit the kobold.
You kill the kobold!
Trog accepts your kill.
You have reached level 3!
Your experience leads to an increase in your attributes!
Increase (S)trength, (I)ntelligence, or (D)exterity?
You feel clever.
Your demonic ancestry asserts itself...
Yellow scales grow over part of your body.
Are you sure you want to abandon this character and quit the game? (Confirm with "yes".)

###### #....#
######....#
####.........#
.............#
#.........#
###########..(†.@)..#
....##..............#
....##.###.#'###....#
....##.###.#.# #....#
.†....>....... '....r.
..)....###.#####....###
### # .......# #.#
....## .. .#
##.......#..
..#.#####.##.###
######......
...............


You could see a rat.

Vanquished Creatures
  An ooze (D:1)
  A leopard gecko (D:1)
  4 giant cockroaches (D:1)
  4 goblins (D:1)
  2 hobgoblins (D:1)
  3 bats (D:1)
  4 kobolds (D:1)
  2 rats (D:1)
21 creatures vanquished.

Notes
Turn   | Place    | Note
-------+----------+-------------------------------------------
     0 | D:1      | knot the Demonspawn Berserker began the quest for the Orb.
     0 | D:1      | Reached XP level 1. HP: 18/18 MP: 1/1
   161 | D:1      | Gained mutation: When hurt, damage is shared between your
                  | health and your magic reserves. [demonic ancestry]
   161 | D:1      | Reached XP level 2. HP: 14/24 MP: 2/2
   752 | D:1      | Gained mutation: You are partially covered in yellow
                  | scales. (AC +2) [demonic ancestry]
   752 | D:1      | Reached XP level 3. HP: 28/29 MP: 1/3
   752 | D:1      | Quit the game

Illustrated notes

Levels and vault maps discovered:
D:1:      wander_arrival_lonely_grave, layout_basic, hangedman_feature_mirror

Skill      XL: |  1  2 |
---------------+-------+-----
Armour         | 2 |  2.1
Axes           | 3 |  3.2
Dodging        | 2 |  2.1
Fighting       | |  3.2

Action                   || total
-------------------------++-------
Melee: Hand axe          ||    59
Invok: Berserk           ||     1
Armor: Animal skin       ||    13
Dodge: Dodged            ||    54
Block: Other             ||     3

Table legend: (Time is in decaauts)
 A = Elapsed time spent in this place.
 B = Non-inter-level travel time spent in this place.
 C = Inter-level travel time spent in this place.
 D = Time resting spent in this place.
 E = Time spent auto-exploring this place.
 F = Levels seen in this place.
 G = Mean time per level.
                   A        B        C        D        E       F      G
               +--------+--------+--------+--------+--------+-----+--------+
         Total |    767 |    767 |      0 |    293 |    349 |   1 |  767.0 |
       Dungeon |    767 |    767 |      0 |    293 |    349 |   1 |  767.0 |
               +--------+--------+--------+--------+--------+-----+--------+

Top non-repeatable levels by time:
     D:1: 767 daAuts
